 Dungeon Crawl Stone Soup version 0.20.0-4-g10b340a (webtiles) character file.

100 nikopol the Skirmisher (level 4, -1/29 HPs)
             Began as a Gargoyle Fighter on May 27, 2017.
             Was an Initiate of Okawaru.
             Slain by an orc wizard
             ... wielding a +0 dagger
              (2 damage)
             ... on level 3 of the Dungeon.
             The game lasted 00:02:00 (1224 turns).

nikopol the Skirmisher (Gargoyle Fighter)           Turns: 1224, Time: 00:02:00

Health: -1/29      AC: 11    Str: 25    XL:     4   Next: 73%
Magic:  4/4        EV:  8    Int:  9    God:    Okawaru [......]
Gold:   115        SH:  9    Dex:  9    Spells: 3/3 levels left

rFire    . . .     SeeInvis .   a - +0 war axe
rCold    . . .     Gourm    .   c - +0 shield
rNeg     + . .     Faith    .   b - +0 scale mail
rPois    ∞         Spirit   .   (no helmet)
rElec    +         Reflect  .   (no cloak)
rCorr    .         Harm     .   m - +0 pair of gloves
MR       .....                  (no boots)
Stlth    ..........             (no amulet)
Regen    0.1/turn               (no ring)
MPRegen  0.1/turn               (no ring)

@: mighty
A: negative energy resistance 1, electricity resistance, unbreathing,
petrification resistance, rot immunity, AC +3
a: Renounce Religion


You were on level 3 of the Dungeon.
You worshipped Okawaru.
Okawaru was noncommittal.
You were not hungry.

You visited 1 branch of the dungeon, and saw 3 of its levels.

You collected 115 gold pieces.

Inventory:

Hand Weapons
 a - a +0 war axe (weapon)
Armour
 b - a +0 scale mail (worn)
 c - a +0 shield (worn)
 m - a +0 pair of gloves (worn)
Jewellery
 i - a +4 amulet of reflection {unknown}
 o - an uncursed amulet of faith {unknown}
Scrolls
 g - a scroll of remove curse {unknown}
 k - a scroll of recharging {unknown}
 n - a scroll of identify {unknown}
 p - a scroll of teleportation {unknown}
Potions
 d - a potion of might
 e - a potion of curing {unknown}
 j - a potion of flight {unknown}
 l - a potion of agility {unknown}
Comestibles
 f - 2 bread rations
 h - 4 chunks of flesh


   Skills:
 + Level 3.9 Fighting
 + Level 3.0 Axes
 + Level 3.7 Armour
 + Level 0.7 Dodging
 + Level 3.8 Shields


You had 3 spell levels left.
You didn't know any spells.

Dungeon Overview and Level Annotations

Branches:
Dungeon (3/15)

Altars:
Ashenzari
Okawaru
Sif Muna


Innate Abilities, Weirdness & Mutations

You are resistant to torment.
Your stone body is resilient. (AC +3)
You are immune to poison.
You resist negative energy. (rN+)
You are resistant to electric shocks. (rElec)
You can survive without breathing.
You are immune to petrification.
You are immune to rotting.


Message History

The orc priest calls upon Beogh to heal the orc.
The orc's wounds heal themselves!
Something hits you but does no damage.
You miss something. Something hits you but does no damage.
The orc priest mumbles some strange prayers to Beogh against you.
Beogh smites you!
* * * LOW HITPOINT WARNING * * *
An orc comes into view. It is wielding a flail.
You bump into the rock wall.
The orc moves out of view.
Something hits you but does no damage.
You closely miss something.
You feel less confused. Something hits you.
* * * LOW HITPOINT WARNING * * *
You hear some strange, mumbled words.
A puff of flame appears from out of thin air!
The puff of flame hits you!
* * * LOW HITPOINT WARNING * * *
You feel very mighty all of a sudden. Something hits you.
You die...

#.....#.........# .
#..###...(......# .
#..#.#......(...##.
.o#.+..........#..
oo#.#..........#..
#o#...............
#o####'#..#...†#..
#{# #............
###@# #.########.#.
#...####.########.#.
#.#......#..........
...#.######........##
### #.# #........#
..# #........# ####
#...>....# #......<.#
#........#


You could see an orc priest and 4 orcs.

Vanquished Creatures
  An orc wizard (D:3)
  Robin (D:2)
  An adder (D:2)
  An ooze (D:1)
  A worm (D:2)
  A ball python (D:2)
  5 bats
  2 giant cockroaches
  11 goblins
  10 hobgoblins
  A quokka (D:3)
  2 frilled lizards
  A kobold (D:1)
  7 rats
45 creatures vanquished.

Notes
Turn   | Place    | Note
-------+----------+-------------------------------------------
     0 | D:1      | nikopol the Gargoyle Fighter began the quest for the Orb.
     0 | D:1      | Reached XP level 1. HP: 14/14 MP: 1/1
    76 | D:1      | Reached XP level 2. HP: 19/19 MP: 2/2
   773 | D:2      | Reached XP level 3. HP: 23/24 MP: 3/3
   902 | D:2      | Noticed Robin
   921 | D:2      | Killed Robin
   938 | D:2      | Reached XP level 4. HP: 27/29 MP: 4/4
  1061 | D:2      | Found a shattered altar of Ashenzari.
  1065 | D:2      | Found an iron altar of Okawaru.
  1077 | D:2      | Found a deep blue altar of Sif Muna.
  1082 | D:2      | Became a worshipper of Warmaster Okawaru
  1223 | D:3      | HP: 1/29 [something/puff of flame (2)]
  1224 | D:3      | Slain by an orc wizard

Skill      XL: |  1  2  3  4 |
---------------+-------------+-----
Axes           | 2 3 |  3.0
Fighting       | |  3.9
Armour         | |  3.7
Dodging        | |  0.7
Shields        | |  3.8

Action                   |  1- 3 |  4- 6 || total
-------------------------+-------+-------++-------
Melee: War axe           |   108 |    46 ||   154
  Use: Potion            |       |     1 ||     1
  Eat: Chunk             |       |     1 ||     1
Armor: Scale mail        |    56 |    26 ||    82
Dodge: Dodged            |    36 |    10 ||    46
Block: Shield            |    53 |    12 ||    65
